 Dungeon Crawl Stone Soup version 0.26-a0-664-gc8b27b8fc1 (webtiles) character file.

Game seed: 5554933675806447946

157 Gargoyl the Skirmisher (level 5, -1/47 HPs)
             Began as a Gnoll Abyssal Knight on Oct 13, 2020.
             Was a Believer of Lugonu.
             Slain by Edmund
             ... wielding a +2 dire flail of protection
              (9 damage)
             ... on level 3 of the Dungeon.
             The game lasted 00:04:48 (3019 turns).

Gargoyl the Skirmisher (Gnoll Abyssal Knight)       Turns: 3019, Time: 00:04:49

Health: -1/47      AC: 13    Str: 12 (15) XL:     5   Next: 38%
Magic:  8/8        EV:  4    Int: 11 (14) God:    Lugonu [**....]
Gold:   181        SH:  0    Dex: 15 (17) Spells: 6/6 levels left

rFire    + . .     SeeInvis .   a - +2 hand axe
rCold    + . .     Faith    .   (no shield)
rNeg     . . .     Spirit   .   f - +0 plate armour
rPois    +         Reflect  .   j - +0 helmet
rElec    +         Harm     .   (no cloak)
rCorr    +         Rampage  .   (no gloves)
MR       .....                  (no boots)
Stlth    ..........             (no amulet)
HPRegen  0.15/turn              g - ring of resist corrosion
MPRegen  0.11/turn              (no ring)

@: resistant
A: distributed training, fangs 1, thin skeletal structure 1, no potion heal 1,
strong nose
a: Depart the Abyss, Bend Space, Renounce Religion


You were on level 3 of the Dungeon.
You worshipped Lugonu.
Lugonu was pleased with you.
You visited 1 branch of the dungeon, and saw 4 of its levels.
You visited the Abyss 1 time.

You collected 181 gold pieces.

Inventory:

Hand Weapons
 a - a +2 hand axe (weapon)
 h - a +3 short sword
Missiles
 d - 13 poisoned darts (quivered)
Armour
 f - a +0 plate armour (worn)
 j - a +0 helmet (worn)
Jewellery
 g - a ring of resist corrosion (left hand)
 n - an uncursed ring of poison resistance {unknown}
Wands
 o - a wand of disintegration (16)
Scrolls
 b - a scroll of magic mapping
 c - a scroll of fog
 e - 3 scrolls of identify
 i - 2 scrolls of blinking
 m - a scroll of remove curse {unknown}
 q - a scroll of teleportation


   Skills:
 + Level 6.7 Fighting
 + Level 1.4 Short Blades
 + Level 1.4 Long Blades
 + Level 4.8 Axes
 + Level 1.4 Maces & Flails
 + Level 1.4 Polearms
 + Level 1.4 Staves
 + Level 1.4 Slings
 + Level 1.4 Bows
 + Level 1.4 Crossbows
 + Level 1.4 Throwing
 + Level 4.8 Armour
 + Level 3.0 Dodging
 + Level 1.4 Stealth
 + Level 1.4 Shields
 + Level 1.4 Unarmed Combat
 + Level 1.4 Spellcasting
 + Level 1.1 Conjurations
 + Level 1.1 Hexes
 + Level 1.1 Summonings
 + Level 1.1 Necromancy
 + Level 1.1 Translocations
 + Level 1.1 Transmutations
 + Level 1.1 Fire Magic
 + Level 1.1 Ice Magic
 + Level 1.1 Air Magic
 + Level 1.1 Earth Magic
 + Level 1.1 Poison Magic
 + Level 4.8 Invocations
 + Level 1.4 Evocations


You had 6 spell levels left.
You didn't know any spells.
Your spell library contained the following spells:

 Spells                   Type           Power        Failure   Level
 Apportation              Tloc           #.....       100%        1
 Lesser Beckoning         Tloc           #.........   100%        3
 Tukima's Dance           Hex            #.......     100%        3
 Alistair's Intoxication  Tmut/Pois      #........    100%        5
 Invisibility             Hex            #.......     100%        6


Dungeon Overview and Level Annotations

Branches:
Dungeon (4/15)
 Temple: D:4-7

Altars:
Nemelex Xobeh
Okawaru
Ru
Vehumet
Xom

Annotations:
D:3 1 runed translucent door, Edmund; lilly's ghost, weakling OgMo


Innate Abilities, Weirdness & Mutations

Your experience applies equally to all skills.
You have very sharp teeth.
Your uncanny sense of smell can sniff out nearby items.
You have a somewhat thin skeletal structure. (Dex +2, Stealth)
Potions are less effective at restoring your health.


Message History

* * * LOW HITPOINT WARNING * * *
There is a stone staircase leading up here.
Edmund hits you with a +2 dire flail of protection!
* * * LOW HITPOINT WARNING * * *
You climb upwards.
Level annotation: 1 runed translucent door, lilly's ghost, weakling OgMo
There is a stone staircase leading down here.
Your system partially rejects the healing.
You feel much better.
Edmund hits you with a +2 dire flail of protection.
It was a potion of degeneration.
There was something very wrong with that liquid.
You feel weakened.
You feel dopey.
You feel clumsy.
Edmund hits you with a +2 dire flail of protection!
* * * LOW HITPOINT WARNING * * *
It was a potion of magic.
Magic courses through your body.
It was a potion of resistance.
You feel protected.
Edmund hits you with a +2 dire flail of protection!
You die...

........).............# #...#
......................#####.###
.........)..................#
....##.............###.##########
....######.........# #.# #......
....# #....<....# #.# #.####.
....# #.........# #.# #.#.>#.
....# #.......@.# #.# #.#....
....# #......@..# #.####.##.#.
....# ######'#########.#....#..#.
....###................#.####.##.
....##.......###########.#######.
######.......##..............>.#.
.)..##.......##..........#####.#.
....##.........................#.
....##......###..........#######.
....##......# #..........# #.....


You could see Edmund.

Vanquished Creatures
  Terence (D:2)
  Robin (D:2)
  2 adders (D:3)
  5 worms
  2 dart slugs (D:2)
  A leopard gecko (D:3)
  An orc (D:3)
  5 giant cockroaches
  17 goblins
  7 hobgoblins
  8 jackals
  6 kobolds
  8 bats
  2 frilled lizards (D:2)
  11 rats
77 creatures vanquished.

Vanquished Creatures (others)
  2 withered plants (D:3)
2 creatures vanquished.

Grand Total: 79 creatures vanquished

Notes
Turn   | Place    | Note
-------+----------+-------------------------------------------
     0 | Abyss:1  | Gargoyl the Gnoll Abyssal Knight began the quest for the
                  | Orb.
     0 | Abyss:1  | Reached XP level 1. HP: 23/23 MP: 3/3
    71 | Abyss:2  | Found a corrupted altar of Lugonu.
    81 | Abyss:2  | Found a broken altar of Ashenzari.
   101 | Abyss:2  | Noticed a chaos spawn
   101 | Abyss:2  | Noticed a yaktaur
   102 | Abyss:2  | Noticed a tentacled starspawn
   105 | Abyss:2  | Gained mutation: Potions are less effective at restoring
                  | your health. [potion of mutation]
   105 | Abyss:2  | Gained mutation: You have a somewhat thin skeletal
                  | structure. (Dex +2, Stealth) [potion of mutation]
   106 | D:1      | Escaped the Abyss
   194 | D:1      | Found a sparkling altar of Nemelex Xobeh.
   337 | D:1      | Reached XP level 2. HP: 29/29 MP: 5/5
   353 | D:1      | Reached * piety under Lugonu
   971 | D:2      | Noticed Robin
   974 | D:2      | Reached XP level 3. HP: 29/35 MP: 6/6
   986 | D:2      | Killed Robin
  1262 | D:2      | Reached skill level 1 in Short Blades
  1262 | D:2      | Reached skill level 1 in Long Blades
  1262 | D:2      | Reached skill level 1 in Maces & Flails
  1262 | D:2      | Reached skill level 1 in Polearms
  1262 | D:2      | Reached skill level 1 in Staves
  1262 | D:2      | Reached skill level 1 in Slings
  1262 | D:2      | Reached skill level 1 in Bows
  1262 | D:2      | Reached skill level 1 in Crossbows
  1262 | D:2      | Reached skill level 1 in Throwing
  1262 | D:2      | Reached skill level 1 in Stealth
  1262 | D:2      | Reached skill level 1 in Shields
  1262 | D:2      | Reached skill level 1 in Unarmed Combat
  1262 | D:2      | Reached skill level 1 in Spellcasting
  1262 | D:2      | Reached skill level 1 in Evocations
  1330 | D:2      | Reached XP level 4. HP: 33/41 MP: 7/7
  1443 | D:2      | Found a faded altar of an unknown god.
  1526 | D:2      | Reached ** piety under Lugonu
  1676 | D:2      | Found an iron altar of Okawaru.
  2041 | D:3      | Reached skill level 1 in Conjurations
  2041 | D:3      | Reached skill level 1 in Hexes
  2041 | D:3      | Reached skill level 1 in Summonings
  2041 | D:3      | Reached skill level 1 in Necromancy
  2041 | D:3      | Reached skill level 1 in Translocations
  2041 | D:3      | Reached skill level 1 in Transmutations
  2041 | D:3      | Reached skill level 1 in Fire Magic
  2041 | D:3      | Reached skill level 1 in Ice Magic
  2041 | D:3      | Reached skill level 1 in Air Magic
  2041 | D:3      | Reached skill level 1 in Earth Magic
  2041 | D:3      | Reached skill level 1 in Poison Magic
  2099 | D:3      | Found a runed translucent door.
  2100 | D:3      | Noticed lilly's ghost (weakling OgMo)
  2240 | D:2      | Noticed Terence
  2257 | D:2      | Killed Terence
  2257 | D:2      | Reached XP level 5. HP: 45/47 MP: 8/8
  2786 | D:3      | Found a shimmering altar of Xom.
  2786 | D:3      | Found a faded altar of an unknown god.
  2792 | D:3      | Found a radiant altar of Vehumet.
  2794 | D:3      | Found a faded altar of an unknown god.
  2796 | D:3      | Found a sacrificial altar of Ru.
  2992 | D:4      | Noticed Edmund
  3019 | D:3      | Slain by Edmund

Illustrated notes

Levels and vault maps discovered:
D:1:      dpeg_arrival_round_c, layout_basic, nemelex_xobeh_ov_fountains_minmay
D:2:      layout_basic, chequers_ecumenical_altar_simple_redux,
          okawaru_ov_weapons_minmay, uniq_terence, uniq_robin
D:3:      layout_basic, chequers_temple_overflow_minitemple,
          gammafunk_ghost_grave
D:4:      layout_loops_ring, serial_shops, nicolae_shop_overgrown_old_shop,
          abandoned_shop, uniq_eustachio, uniq_natasha, uniq_grinder,
          uniq_edmund

Skill      XL: |  1  2  3  4  5 |
---------------+----------------+-----
Short Blades   | 1 |  1.4
Long Blades    | 1 |  1.4
Maces & Flails | 1 |  1.4
Polearms       | 1 |  1.4
Staves         | 1 |  1.4
Slings         | 1 |  1.4
Bows           | 1 |  1.4
Crossbows      | 1 |  1.4
Throwing       | 1 |  1.4
Stealth        | 1 |  1.4
Shields        | 1 |  1.4
Unarmed Combat | 1 |  1.4
Spellcasting   | 1 |  1.4
Evocations     | 1 |  1.4
Conjurations   | 1 |  1.1
Hexes          | 1 |  1.1
Summonings     | 1 |  1.1
Necromancy     | 1 |  1.1
Translocations | 1 |  1.1
Transmutations | 1 |  1.1
Fire Magic     | 1 |  1.1
Ice Magic      | 1 |  1.1
Air Magic      | 1 |  1.1
Earth Magic    | 1 |  1.1
Poison Magic   | 1 |  1.1
Dodging        | 3 |  3.0
Fighting       | |  6.7
Axes           | |  4.8
Armour         | |  4.8
Invocations    | |  4.8

Action                   |  1- 3 |  4- 6 || total
-------------------------+-------+-------++-------
Melee: Hand axe          |    85 |   154 ||   239
       Bite              |     9 |    18 ||    27
Invok: Depart the Abyss  |     1 |       ||     1
  Use: Potion            |     2 |     4 ||     6
       Scroll            |     1 |     6 ||     7
Armor: Plate armour      |    68 |   103 ||   171
Dodge: Dodged            |    31 |    44 ||    75

Table legend: (Time is in decaauts)
 A = Elapsed time spent in this place.
 B = Non-inter-level travel time spent in this place.
 C = Inter-level travel time spent in this place.
 D = Time resting spent in this place.
 E = Time spent auto-exploring this place.
 F = Levels seen in this place.
 G = Mean time per level.
                   A        B        C        D        E       F      G
               +--------+--------+--------+--------+--------+-----+--------+
         Total |   3037 |   2924 |    113 |    325 |   1848 |   6 |  506.2 |
       Dungeon |   2931 |   2818 |    113 |    325 |   1772 |   4 |  732.8 |
         Abyss |    105 |    105 |      0 |      0 |     76 |   2 |   52.5 |
               +--------+--------+--------+--------+--------+-----+--------+

Top non-repeatable levels by time:
     D:2: 1378 daAuts
     D:1: 866 daAuts
     D:3: 658 daAuts
 Abyss:1: 54 daAuts
 Abyss:2: 51 daAuts
     D:4: 28 daAuts
